 Dungeon Crawl Stone Soup version 0.30-a0-1163-gf69bf04e7a (webtiles) character file.

Game seed: 9971434743917908521

17369 themarg the Warrior (level 12, -4/109 HPs)
             Began as a Merfolk Berserker on Apr 29, 2023.
             Was a High Priest of Trog.
             Slain by a large abomination (18 damage)
             ... on level 2 of the Abyss.
             The game lasted 00:31:06 (14019 turns).

themarg the Warrior (Merfolk Berserker)            Turns: 14019, Time: 00:31:06

Health: -4/109     AC: 18    Str: 22 (23) XL:     12   Next: 47%
Magic:  0/12       EV:  7    Int:  4      God:    Trog [*****.]
Gold:   675        SH:  5    Dex: 13      Spells: 11/11 levels left

rFire   . . .        M - +0 trident (flame)
rCold   . . .        N - +0 buckler
rNeg    . . .        S - +0 plate armour
rPois   +            x - +0 helmet
rElec   .            h - +0 cloak {Stlth+}
rCorr   +            (no gloves)
SInv    .            k - +1 pair of boots {Fly}
Will    ++...        p - amulet "Xugegimn" {Spirit rPois Int-2 Slay+3} Stlth
                     O - ring of resist corrosion
HPRegen 1.00/turn    P - ring of poison resistance
MPRegen 0.13/turn

%: guardian spirit
@: strong-willed, on berserk cooldown, sick, flying, regenerating, slowed, very
slow
A: (nimble swimmer 2), mertail, deterioration 1
a: Renounce Religion, Berserk, Trog's Hand, Brothers in Arms


You were on level 2 of the Abyss.
You worshipped Trog.
Trog was extremely pleased with you.
You visited 2 branches of the dungeon, and saw 12 of its levels.
You visited the Abyss 1 time.
You also visited: Sewer and Gauntlet.

You collected 870 gold pieces.
You spent 195 gold pieces at shops.

Inventory:

Hand Weapons
 M - a +0 trident of flaming (weapon)
Missiles
 c - 147 stones (quivered)
 E - 4 boomerangs
 G - a curare-tipped dart
 K - 22 poisoned darts
Armour
 h - a +0 cloak of stealth (worn)
 k - a +1 pair of boots of flying (worn)
 x - a +0 helmet (worn)
 N - a +0 buckler (worn)
 S - a +0 plate armour (worn)
Jewellery
 i - a +6 ring of dexterity
 p - the amulet "Xugegimn" (around neck) {Spirit rPois Int-2 Slay+3}
   (You found it on level 2 of the Dungeon)

   [amulet of guardian spirit]

   It causes incoming damage to be divided between your reserves of health and
   magic.
   Int:       It affects your intelligence (-2).
   Slay:      It affects your accuracy & damage with ranged weapons and melee
   (+3).
   rPois:     It protects you from poison.
 O - a ring of resist corrosion (left hand)
 P - a ring of poison resistance (right hand)
Wands
 F - a wand of roots (4)
 L - a wand of mindburst (3)
 R - a wand of quicksilver (5)
Scrolls
 d - 3 scrolls of enchant weapon
 f - a scroll of enchant armour {unknown}
 g - 8 scrolls of teleportation
 l - a scroll of immolation {unknown}
 n - 2 scrolls of magic mapping
 q - a scroll of torment {unknown}
 r - a scroll of vulnerability {unknown}
 w - 6 scrolls of fog
 y - a scroll of fear {unknown}
 B - 5 scrolls of blinking
 I - 3 scrolls of poison
Potions
 a - 2 potions of berserk rage {unknown}
 b - 5 potions of mutation
 e - 4 potions of brilliance
 j - 4 potions of curing
 m - 5 potions of lignification
 s - 2 potions of cancellation {unknown}
 u - 2 potions of magic {unknown}
 v - 2 potions of invisibility {unknown}
 z - a potion of flight {unknown}
 A - 2 potions of attraction {unknown}
 C - a potion of resistance {unknown}
 D - 2 potions of might {unknown}
 H - 2 potions of heal wounds
 Q - a potion of haste {unknown}
Miscellaneous
 J - a phantom mirror


   Skills:
 - Level 15.0 Fighting
 - Level 14.0 Polearms
 - Level 2.0 Throwing
 + Level 7.0 Armour
 - Level 2.6 Dodging
 - Level 5.0 Shields
 - Level 2.0 Evocations


You had 11 spell levels left.
You didn't know any spells.
Your spell library was empty.

Dungeon Overview and Level Annotations

Branches:
Dungeon (11/15)            Temple (0/1) D:6            Lair (1/5) D:10
    Orc (0/2) D:10          Sewer (visited)         Gauntlet (visited)

Altars:
Gozag
Makhleb
Okawaru
Qazlal
Sif Muna
Zin
The Shining One

Shops:
D:1 (   D:6 [(

Annotations:
D:4 1 transporter, Bratkin's ghost, amateur OgBe Gauntlet 15 transporters


Innate Abilities, Weirdness & Mutations

((You are very nimble when in or above water. (Stealth+, EV+, Speed+++)))
Your lower body shifts to a powerful aquatic tail in water.
Your body sometimes deteriorates upon taking damage.


Message History

Aim: an orange demon (lightly wounded, about 20% to evade your +0 trident of flaming)
You reach to attack!
You puncture the orange demon! You burn the orange demon.
The orange demon is heavily wounded.
Reach: M) +0 trident (flame)
Press: ? - help, Dir - move target, f/p - orange demon
Aim: an orange demon (heavily wounded, about 20% to evade your +0 trident of flaming)
You reach to attack!
You closely miss the orange demon.
The orange demon is heavily wounded.
The orange demon stings you but does no damage.
Reach: M) +0 trident (flame)
Press: ? - help, Dir - move target, f/p - orange demon
Aim: an orange demon (heavily wounded, about 20% to evade your +0 trident of flaming)
You reach to attack!
You impale the orange demon!! You burn the orange demon!
The orange demon is almost dead.
Reach: M) +0 trident (flame)
Press: ? - help, Dir - move target, f/p - orange demon
Aim: an orange demon (almost dead, about 20% to evade your +0 trident of flaming)
You reach to attack!
You impale the orange demon!! You burn the orange demon.
You kill the orange demon!
Trog accepts your kill.
Your Armour skill increases to level 7!
You feel a strong urge to attack something.
You feel your anger nearly subside.
You are no longer berserk.
You are exhausted.
You feel yourself slow down.
Your skin crawls.
You feel strong-willed.
You closely miss the large abomination. The large abomination hits you!
* * * LOW HITPOINT WARNING * * *
Your body deteriorates!
You feel weakened.
You hit the large abomination. You burn the large abomination.
The large abomination is lightly damaged.
The large abomination barely misses you.
You barely miss the large abomination.
The large abomination is lightly damaged.
You block the large abomination's attack.
You hit the large abomination. You burn the large abomination.
The large abomination is lightly damaged.
The large abomination hits you!!
You die...

..# .#. .##..#..#
. .....#### ####
#......
##..##.#.#...
#.....#....# ###
#.#..#...#.##.. #.
#.@X..#..... .
#..####...#.#.#...
. ### # ###.## #
## #. 4...X..#....
#... ...>. #.##
...... ..## .
....' ...X....# #
###' ###


You could see a large abomination.

Vanquished Creatures
  3 two-headed ogres
  2 sixfirhies (Abyss:2)
  A flayed ghost (Abyss:2)
  A deep elf pyromancer (D:9)
  An oklob plant (Gauntlet)
  A manticore (D:11)
  2 ugly things (D:11)
  A worldbinder (Abyss:2)
  2 orange demons (Abyss:2)
  A komodo dragon (D:11)
  An ancient zyme (Abyss:2)
  4 trolls
  A hornet (D:7)
  Prince Ribbit (D:6)
  Sigmund (D:4)
  An air elemental (Abyss:2)
  2 shadows (D:10)
  A vampire (D:11)
  11 yaks
  A basilisk (Lair:1)
  4 vampire mosquitoes (D:9)
  A neqoxec (Abyss:2)
  Edmund (D:5)
  A small abomination (Abyss:2)
  3 steam dragons
  4 acid dragons
  3 water moccasins
  A swamp drake (D:10)
  An ice beast (D:5)
  A sky beast (D:6)
  6 orc warriors
  3 black bears
  An ogre (D:6)
  2 centaurs
  A phantom (D:6)
  4 kobold brigands
  2 gnoll sergeants
  8 bullfrogs
  10 wights
  6 howler monkeys
  2 quasits
  6 jellies
  5 hounds
  2 sleepcaps
  2 gnoll boudas (D:7)
  7 orc priests
  Natasha (D:4)
  3 iguanas
  8 orc wizards
  Robin (D:4)
  8 gnolls (D:4)
  11 adders
  2 shadow imps
  7 white imps
  2 ufetubi
  3 dart slugs
  52 orcs
  8 ball pythons
  18 endoplasms
  9 giant cockroaches
  10 hobgoblins
  23 kobolds
  A quokka (D:2)
  3 bats
  8 frilled lizards
  16 goblins
  10 rats
330 creatures vanquished.

Vanquished Creatures (collateral kills)
  A thrashing horror (Abyss:2)
1 creature vanquished.

Vanquished Creatures (others)
  An orc wizard (D:7)
  2 demonic plants (D:5)
  11 fungi
  5 plants (D:7)
  20 withered plants (Gauntlet)
39 creatures vanquished.

Grand Total: 370 creatures vanquished

Notes
Turn   | Place    | Note
-------+----------+-------------------------------------------
     0 | D:1      | themarg the Merfolk Berserker began the quest for the Orb.
     0 | D:1      | Reached XP level 1. HP: 18/18 MP: 1/1
   100 | D:1      | Reached XP level 2. HP: 23/24 MP: 2/2
   452 | D:1      | Found Ipal's Weapon Boutique.
   483 | D:1      | Reached skill level 5 in Polearms
   483 | D:1      | Reached XP level 3. HP: 29/30 MP: 3/3
   589 | D:1      | Reached ** piety under Trog
   959 | D:2      | Identified the amulet "Xugegimn" {Spirit rPois Int-2
                  | Slay+3}
  1198 | D:2      | Reached skill level 4 in Fighting
  1524 | D:2      | Identified the +3 glaive of Discretion {holy, rN+ MP+9
                  | Str+4}
  1619 | D:3      | You are sucked into a shaft and drop 2 floors!
  1619 | D:5      | Entered Level 5 of the Dungeon
  1654 | D:5      | Reached XP level 4. HP: 37/37 MP: 4/4
  1673 | D:4      | Noticed Natasha
  1738 | D:3      | Found a glowing drain.
  1759 | D:3      | Reached XP level 5. HP: 31/43 MP: 5/5
  1767 | Sewer    | Entered a sewer
  1852 | Sewer    | Reached *** piety under Trog
  1956 | Sewer    | Found a viscous altar of Jiyva.
  1987 | Sewer    | Reached XP level 6. HP: 50/50 MP: 6/6
  2021 | Sewer    | Reached skill level 5 in Fighting
  2340 | D:3      | Found a shimmering blue altar of Sif Muna.
  2561 | D:3      | Found a burning altar of Makhleb.
  2627 | D:3      | Found a faded altar of an unknown god.
  3053 | D:4      | Found an iron altar of Okawaru.
  3532 | D:4      | Reached XP level 7. HP: 53/56 MP: 5/7
  3610 | D:4      | Reached **** piety under Trog
  3682 | D:4      | Killed Natasha
  3686 | D:4      | Found a transporter.
  3689 | D:4      | Noticed Bratkin's ghost (amateur OgBe)
  3692 | D:4      | Identified the +10 great mace "Satrul" {heavy, rElec}
  3743 | D:4      | Noticed Sigmund
  3748 | D:4      | Killed Sigmund
  3749 | D:4      | Reached skill level 10 in Polearms
  3881 | D:4      | Noticed Robin
  3918 | D:4      | Killed Robin
  4178 | D:5      | Found a glowing silver altar of Zin.
  4319 | D:5      | Reached XP level 8. HP: 55/62 MP: 8/8
  4606 | D:5      | Found a glowing golden altar of the Shining One.
  4933 | D:6      | Noticed Prince Ribbit
  5068 | D:6      | Noticed Edmund
  5092 | D:5      | Killed Edmund
  5116 | D:6      | Killed Prince Ribbit
  5176 | D:6      | Found Qoomy's Antique Armour Boutique.
  5254 | D:6      | Found a staircase to the Ecumenical Temple.
  5285 | D:6      | Reached XP level 9. HP: 68/68 MP: 9/9
  5321 | D:6      | Reached skill level 6 in Fighting
  5637 | D:6      | Found Kepeixe's Weapon Shoppe.
  5709 | D:6      | Reached skill level 7 in Fighting
  6051 | D:7      | Noticed a hornet
  6076 | D:7      | Killed a hornet
  6077 | D:7      | Reached skill level 8 in Fighting
  6147 | D:7      | Found an opulent altar of Gozag.
  6286 | D:7      | Reached skill level 9 in Fighting
  6424 | D:7      | Reached ***** piety under Trog
  6630 | D:7      | Found a stormy altar of Qazlal.
  6743 | D:6      | Bought an embroidered cloak for 195 gold pieces
  6786 | D:8      | Noticed a troll
  6908 | D:8      | Noticed a troll
  6916 | D:7      | Killed a troll
  6917 | D:7      | Reached skill level 10 in Fighting
  6917 | D:7      | Reached skill level 1 in Throwing
  6917 | D:7      | Reached skill level 1 in Evocations
  6917 | D:7      | Reached XP level 10. HP: 76/85 MP: 10/10
  8000 | D:8      | Reached skill level 1 in Shields
  8622 | D:8      | Identified the +0 leather armour of the Great Game {rF+}
  8702 | D:8      | Reached skill level 5 in Armour
  9637 | D:9      | Noticed a deep elf pyromancer
  9647 | D:9      | Killed a deep elf pyromancer
  9766 | D:9      | Noticed a two-headed ogre
  9775 | D:9      | Killed a two-headed ogre
  9776 | D:9      | Reached skill level 5 in Shields
  9776 | D:9      | Reached XP level 11. HP: 70/92 MP: 8/11
  9838 | D:9      | Noticed a two-headed ogre
  9849 | D:9      | Killed a two-headed ogre
  9850 | D:9      | Reached skill level 11 in Fighting
 10497 | D:9      | Reached skill level 12 in Fighting
 10626 | D:10     | Entered Level 10 of the Dungeon
 10960 | D:10     | Found a staircase to the Lair.
 11274 | D:10     | Noticed a two-headed ogre
 11283 | D:10     | Killed a two-headed ogre
 11499 | D:10     | Reached skill level 13 in Fighting
 11614 | D:10     | Found a staircase to the Orcish Mines.
 11894 | D:11     | Noticed a manticore
 11901 | D:11     | Killed a manticore
 12356 | D:11     | Reached skill level 14 in Fighting
 12530 | D:11     | Noticed a green ugly thing
 12543 | D:11     | Killed a green ugly thing
 12612 | D:11     | Noticed a green ugly thing
 12624 | D:11     | Killed a green ugly thing
 12792 | D:11     | Reached XP level 12. HP: 103/108 MP: 10/12
 13100 | Lair:1   | Entered Level 1 of the Lair of Beasts
 13120 | Lair:1   | Found a gate leading to a gauntlet.
 13146 | Gauntlet | Entered a Gauntlet
 13146 | Gauntlet | Found a transporter.
 13185 | Gauntlet | Found a transporter.
 13200 | Gauntlet | Found a transporter.
 13202 | Gauntlet | Found the ring of Shadows {Umbra +Inv Stlth+}
 13205 | Gauntlet | Found a transporter.
 13217 | Gauntlet | Noticed a death scarab
 13220 | Gauntlet | Found a transporter.
 13228 | Gauntlet | Noticed a death scarab
 13236 | Gauntlet | Found a transporter.
 13251 | Gauntlet | Found a transporter.
 13263 | Gauntlet | Found a transporter.
 13275 | Gauntlet | Found a transporter.
 13284 | Gauntlet | Noticed a quicksilver ooze
 13287 | Gauntlet | Found a transporter.
 13304 | Gauntlet | Found a transporter.
 13322 | Gauntlet | Found a transporter.
 13324 | Gauntlet | Found a transporter.
 13351 | Gauntlet | Found a transporter.
 13351 | Gauntlet | Found a transporter.
 13373 | Gauntlet | Found a transporter.
 13373 | Gauntlet | Found a transporter.
 13477 | Gauntlet | Found a transporter.
 13760 | Abyss:2  | Found a corrupted altar of Lugonu.
 13760 | Abyss:2  | Cast into level 2 of the Abyss (a wizard)
 13776 | Abyss:2  | Found a corrupted altar of Lugonu.
 13799 | Abyss:2  | Noticed a thrashing horror
 13815 | Abyss:2  | Killed a thrashing horror
 13822 | Abyss:2  | Reached skill level 15 in Fighting
 13852 | Abyss:2  | Gained mutation: Your body sometimes deteriorates upon
                  | taking damage. [a neqoxec]
 13991 | Abyss:2  | Paralysed by an air elemental for 1 turns
 13995 | Abyss:2  | Paralysed by an air elemental for 1 turns
 14000 | Abyss:2  | Paralysed by an air elemental for 1 turns
 14019 | Abyss:2  | Slain by a large abomination

Illustrated notes

Levels and vault maps discovered:
D:1:      saegor_arrival_simple_c, layout_loops_ring, serial_shops,
          nicolae_shop_tiny_real_fake_doors, hangedman_feature_mirror,
          minivault_5, dreamdust_mushroom_princess, serial_park_tiny_2
D:2:      layout_loops_ring, minmay_heptomino_o4
D:3:      layout_basic, mainiacjoe_overflow_cross_hatched,
          mainiacjoe_overflow_alcove_4, shapermc_ecumenical_altar_ellora,
          gup_sewer_entry_glass, small_statue_intersection
D:4:      layout_basic, mainiacjoe_overflow_small_starburst, serial_curves,
          eino_curves_04, eino_curves_01, gammafunk_ghost_smash, uniq_natasha,
          uniq_sigmund, uniq_robin
D:5:      layout_basic, tso_altar, overflow_temple_1_default, serial_demonic,
          serial_demonic_e, serial_demonic_e, serial_demonic_b,
          serial_demonic_g, minivault_27
D:6:      layout_loops_cross, minmay_temple_entry_waves, serial_shops, shop,
          nicolae_shop_bloodbath_and_beyond, uniq_edmund, uniq_prince_ribbit1
D:7:      layout_basic, mainiacjoe_overflow_chevrons,
          mainiacjoe_overflow_alcove_1
D:8:      cheibrodos_fzero, layout_layer_cave, minmay_checkerbox
D:9:      layout_irregular_city
D:10:     layout_basic, lair_entry_dummy, erik_orc_1
D:11:     layout_roguey, minmay_misc_feat_more_columns
Lair:1:   layout_concentric_octagons, gauntlet_entry_generic,
          nicolae_quartered_pool_medium, tgw_fedhas
Abyss:2:  base: D:11, hangedman_abyss_or_decor_jellyfish_corner,
          lemuel_flamethrower_3, lemuel_flamethrower_3, hangedman_eye_storm
Gauntlet: gammafunk_gauntlet_one_two_three [nicolae_gauntlet_arena_blocks,
          gammafunk_gauntlet_arena_split_diamond,
          gammafunk_gauntlet_arena_crates, nicolae_gauntlet_arena_flowing_pool,
          gammafunk_gauntlet_arena_teeth, gammafunk_gauntlet_arena_hedges,
          nicolae_gauntlet_arena_grate_2, gammafunk_gauntlet_arena_spirals,
          nicolae_gauntlet_arena_quarters, gauntlet_exit_hidden_loot]

Skill      XL: |  1  2  3  4  5  6  7  8  9 10 11 12 |
---------------+-------------------------------------+-----
Polearms       | 5 6 7 9 11 14 | 14.0
Fighting       | 4 5 10 14 15 | 15.0
Throwing       | 1 2 |  2.0
Evocations     | 1 2 |  2.0
Armour         | 5 7 |  7.0
Shields        | 5 |  5.0
Dodging        | |  2.6

Action                     |  1- 3 |  4- 6 |  7- 9 | 10-12 || total
---------------------------+-------+-------+-------+-------++-------
  Melee: Spear             |   103 |   188 |    26 |       ||   317
         Punch             |     2 |     2 |     4 |     7 ||    15
         Trident           |       |       |   356 |   596 ||   952
  Throw: Dart              |       |       |       |     7 ||     7
         Stone             |       |       |       |     3 ||     3
 Invoke: Berserk           |       |     1 |     1 |     2 ||     4
         Trog's Hand       |       |       |     2 |    10 ||    12
         Brothers in Arms  |       |       |       |     1 ||     1
  Evoke: Wand              |       |       |       |     1 ||     1
    Use: Scroll            |       |     2 |     5 |     7 ||    14
         Potion            |       |       |       |     1 ||     1
   Stab: Sleeping          |     3 |       |       |       ||     3
         Distracted        |     1 |       |     1 |       ||     2
         Confused          |       |       |       |     1 ||     1
 Armour: Chain mail        |     7 |    62 |   142 |   147 ||   358
         Animal skin       |     3 |       |       |       ||     3
         Plate armour      |       |       |       |    81 ||    81
  Dodge: Dodged            |    43 |    51 |    92 |   178 ||   364
  Block: Buckler           |       |       |       |    30 ||    30

Table legend: (Time is in decaauts)
 A = Elapsed time spent in this place.
 B = Non-inter-level travel time spent in this place.
 C = Inter-level travel time spent in this place.
 D = Time resting spent in this place.
 E = Time spent auto-exploring this place.
 F = Levels seen in this place.
 G = Mean time per level.
                   A        B        C        D        E       F      G
               +--------+--------+--------+--------+--------+-----+--------+
         Total |  13609 |  12933 |    676 |   1182 |   9330 |  15 |  907.3 |
       Dungeon |  12419 |  11743 |    676 |   1060 |   8799 |  11 | 1129.0 |
          Lair |     44 |     44 |      0 |      0 |      0 |   1 |   44.0 |
         Abyss |    221 |    221 |      0 |      2 |     27 |   1 |  221.0 |
         Sewer |    316 |    316 |      0 |     34 |    151 |   1 |  316.0 |
      Gauntlet |    606 |    606 |      0 |     86 |    352 |   1 |  606.0 |
               +--------+--------+--------+--------+--------+-----+--------+

Top non-repeatable levels by time:
     D:7: 1811 daAuts
     D:8: 1726 daAuts
    D:10: 1545 daAuts
     D:4: 1135 daAuts
     D:9: 1005 daAuts
     D:3: 924 daAuts
     D:5: 913 daAuts
     D:6: 908 daAuts
     D:1: 890 daAuts
    D:11: 847 daAuts
     D:2: 711 daAuts
Gauntlet: 606 daAuts
   Sewer: 316 daAuts
 Abyss:2: 221 daAuts
  Lair:1: 44 daAuts
